 Dungeon Crawl Stone Soup version 0.17-a0-1446-gc28613e (webtiles) character file.

546 RNGesus the Chopper (level 7, 65/78 HPs)
             Began as a Demonspawn Berserker on June 28, 2015.
             Was a Priest of Trog.
             Quit the game on level 5 of the Dungeon.
             The game lasted 00:08:07 (3269 turns).

RNGesus the Chopper (Demonspawn Berserker)          Turns: 3269, Time: 00:08:07

Health: 65/78      AC: 10    Str: 23    XL:     7   Next: 6%
Magic:  7/7        EV:  7    Int: 10    God:    Trog [***...]
Gold:   114        SH:  3    Dex: 12    Spells: 0 memorised, 6 levels left

rFire  . . .     SeeInvis .     a - +0 hand axe
rCold  . . .     Clarity  .     m - +0 chain mail
rNeg   . . .     SustAt   .     h - +0 buckler
rPois  .         Gourm    .     (no helmet)
rElec  .         Spirit   .     (no cloak)
rCorr  .         Warding  .     (no gloves)
rMut   .         Stasis   .     (no boots)
MR     +....                    (no amulet)
Stlth  ..........               (no ring)
                                o - ring of protection from magic

@: berserking, very quick, somewhat resistant to hostile enchantments, extremely
unstealthy
A: thin metallic scales 1, demonic guardian 1, nightstalker 1
a: Burn Spellbooks, Berserk, Trog's Hand, Renounce Religion


You were on level 5 of the Dungeon.
You worshipped Trog.
Trog was most pleased with you.
You were not hungry.

You visited 1 branch of the dungeon, and saw 5 of its levels.

You collected 114 gold pieces.

Inventory:

Hand weapons
 a - a +0 hand axe (weapon)
Armour
 b - a +0 animal skin
 h - a +0 buckler (worn)
 i - a +0 scale mail
 m - a +0 chain mail (worn)
 x - a -1 cloak
Jewellery
 o - a ring of protection from magic (left hand)
Scrolls
 n - 2 scrolls of identify
 p - 3 scrolls of immolation {unknown}
 r - 2 scrolls of remove curse
 t - a scroll of teleportation {unknown}
 v - 2 scrolls of recharging
Potions
 e - a potion of curing
 f - a potion of might
 j - a potion of resistance {unknown}
 l - 2 potions of haste {unknown}
 q - a potion of ambrosia {unknown}
 s - a potion of flight {unknown}
 u - a potion of poison {unknown}
Comestibles
 c - 4 bread rations
 d - a chunk of flesh
 g - 2 slices of pizza
 k - 3 meat rations
 w - 5 fruits


   Skills:
 - Level 3.0 Fighting
 + Level 7.4 Axes
 - Level 1.7 Armour
 - Level 1.7 Dodging


You had 6 spell levels left.
You didn't know any spells.

Dungeon Overview and Level Annotations

Branches:
Dungeon (5/15)
 Temple: D:4-7

Altars:
Fedhas
Nemelex Xobeh


Innate Abilities, Weirdness & Mutations

You are partially covered in thin metallic scales (AC +2).
A weak demonic guardian rushes to your aid.
You are slightly more attuned to the shadows.


Message History

Hackum's ghost is severely damaged.
You block hackum's ghost's attack.
You hit hackum's ghost.
Hackum's ghost is severely damaged.
Your crimson imp barely misses hackum's ghost.
Hackum's ghost hits you but does no damage.
You hit hackum's ghost.
Hackum's ghost is almost destroyed.
Your crimson imp hits hackum's ghost.
You hit hackum's ghost but do no damage.
Hackum's ghost is almost destroyed.
Hackum's ghost hits you.
You slash hackum's ghost!
You destroy hackum's ghost!
Your Axes skill increases to level 7!
You have reached level 7!
Your demonic ancestry asserts itself...
You slip into the darkness of the dungeon.
Unknown command.
Are you sure you want to abandon this character and quit the game? (Confirm with "yes".)

...........#
..........
#.>......
#.).....##
#........###
#...........
#....5...#
#..@...#
##.....#
#.......#
#.......#
#.......#
##.....##
##...##
#####


You could see a friendly crimson imp.

Vanquished Creatures
  The ghost of hackum the Skirmisher, an average DsFi (D:5)
  An ogre (D:4)
  A hound (D:4)
  An orc priest (D:4)
  2 orc wizards (D:4)
  3 adders (D:2)
  2 oozes (D:2)
  3 worms
  3 giant geckos
  2 orcs
  6 giant cockroaches
  11 goblins
  6 hobgoblins
  4 jackals (D:2)
  6 kobolds
  A quokka (D:2)
  14 bats
  5 giant newts
  12 rats
84 creatures vanquished.

Vanquished Creatures (collateral kills)
  A giant frog (D:3)
  A kobold (D:4)
2 creatures vanquished.

Grand Total: 86 creatures vanquished

Notes
Turn   | Place    | Note
--------------------------------------------------------------
     0 | D:1      | RNGesus the Demonspawn Berserker began the quest for the Orb.
     0 | D:1      | Reached XP level 1. HP: 18/18 MP: 1/1
   134 | D:1      | HP: 1/27 [giant gecko (3)]
   418 | D:1      | Gained mutation: You are partially covered in thin metallic scales (AC +2). [demonic ancestry]
   418 | D:1      | Reached XP level 2. HP: 21/24 MP: 2/2
   829 | D:2      | Gained mutation: A weak demonic guardian rushes to your aid. [demonic ancestry]
   829 | D:2      | Reached XP level 3. HP: 29/29 MP: 3/3
   831 | D:2      | Acquired Trog's second power
   905 | D:2      | Reached skill level 4 in Axes
  1310 | D:2      | Reached XP level 4. HP: 35/35 MP: 4/4
  1528 | D:2      | Found a faded altar to an unknown god.
  1643 | D:2      | Found a blossoming altar of Fedhas.
  2079 | D:3      | Noticed a giant frog
  2086 | D:3      | Killed a giant frog
  2086 | D:3      | Reached skill level 5 in Axes
  2086 | D:3      | Reached XP level 5. HP: 41/41 MP: 5/5
  2343 | D:3      | Found a sparkling altar of Nemelex Xobeh.
  3005 | D:4      | Reached skill level 6 in Axes
  3017 | D:4      | Reached XP level 6. HP: 42/47 MP: 6/6
  3251 | D:5      | Entered Level 5 of the Dungeon
  3251 | D:5      | Noticed hackum's ghost (average DsFi)
  3268 | D:5      | Killed hackum's ghost
  3268 | D:5      | Reached skill level 7 in Axes
  3268 | D:5      | Gained mutation: You are slightly more attuned to the shadows. [demonic ancestry]
  3268 | D:5      | Reached XP level 7. HP: 52/52 MP: 7/7
  3269 | D:5      | Quit the game

Vault maps used:
D:1:      onia_arrival_mini_spirals, nrook_mini_vaults
D:2:      nicolae_overflow_hidden_temple, ecumenical_altar_1
D:3:      lemuel_crystal_altar, first_bread, fountainhead, minmay_door_square
D:5:      grunt_temple_overflow_cloverleaf

Action                   |  1- 3 |  4- 6 |  7- 9 || total
-------------------------+-------+-------+-------++-------
Melee: Hand axe          |   101 |   240 |       ||   341
Invok: Berserk           |     4 |     4 |       ||     8
  Use: Potion            |     1 |       |       ||     1
       Scroll            |       |     7 |       ||     7
 Stab: Distracted        |       |     1 |       ||     1
  Eat: Chunk             |     5 |    10 |       ||    15
